 Dungeon Crawl Stone Soup version 0.29.0-4-gdea44cf6ec (webtiles) character file.

Game seed: 5963654599713590950

503 qw the Chopper (level 6, -1/48 HPs)
             Began as a Demonspawn Cinder Acolyte on Sept 9, 2022.
             Was a Priest of Ignis.
             Slain by a gnoll
             ... wielding a +0 spear
              (2 damage)
             ... on level 4 of the Dungeon.
             The game lasted 00:01:32 (4998 turns).

qw the Chopper (Demonspawn Cinder Acolyte)          Turns: 4998, Time: 00:01:33

Health: -1/48      AC: 20    Str: 16    XL:     6   Next: 96%
Magic:  7/7        EV:  4    Int: 16    God:    Ignis [***...]
Gold:   291        SH:  0    Dex:  8    Spells: 7/7 levels left

rFire   + . .      SeeInvis .   c - +0 war axe
rCold   . . .      Faith    .   (no shield)
rNeg    . . .      Spirit   .   d - +0 plate armour
rPois   .          Reflect  .   (helmet restricted)
rElec   .          Harm     .   (no cloak)
rCorr   .          Rampage  .   g - +1 pair of gloves
Will    .....                   (no boots)
Stlth   ..........              (no amulet)
HPRegen 0.16/turn               (no ring)
MPRegen 0.10/turn               (no ring)

@: about to teleport, fiery-armoured
A: antennae 2
a: Renounce Religion, Fiery Armour, Foxfire Swarm, Rising Flame


You were on level 4 of the Dungeon.
You worshipped Ignis.
Ignis was most pleased with you.
You visited 1 branch of the dungeon, and saw 4 of its levels.

You collected 291 gold pieces.


Innate Abilities, Weirdness & Mutations

You have a pair of antennae on your head.


   Skills:
 + Level 3.8 Fighting
 - Level 6.0 Axes
 - Level 2.7 Armour
 - Level 1.0 Dodging
 - Level 1.0 Spellcasting
 - Level 2.6 Fire Magic


You had 7 spell levels left.
You didn't know any spells.
Your spell library contained the following spells:

 Spells                   Type           Power      Damage    Failure   Level
 Scorch                   Fire           18%        2d5       100%        2

Inventory:

Hand Weapons
 c - a +0 war axe (weapon)
 Y - a -1 hand axe of flaming
Armour
 d - a +0 plate armour (worn)
 g - a +1 pair of gloves (worn)
Jewellery
 b - a ring of protection from fire
Scrolls
 i - 3 scrolls of identify
Potions
 a - a potion of berserk rage {unknown}
 e - a potion of might

Dungeon Overview and Level Annotations

Branches:
Dungeon (4/15)
 Temple: D:4-7

Altars:
Kikubaaqudgha
Xom


Message History

The necrophage is burned by your cloak of flames.
The necrophage is moderately damaged.
A gnoll comes into view. It is wielding a +0 halberd.
4995 ||| Stepping ~*~*~tactically~*~*~ (stealth).
A gnoll comes into view. It is wielding a +0 club.
The gnoll shouts!
You hear a shout!
A gnoll comes into view. It is wielding a +0 whip.
You hear a shout!
4996 ||| READING scroll of teleportation.
As you read the scroll of teleportation, it crumbles to dust.
You feel strangely unstable.
You hear a shout!
The necrophage hits you but does no damage.
The necrophage is burned by your cloak of flames.
The necrophage is heavily damaged.
You hit the necrophage.
The necrophage is severely damaged.
The necrophage hits you.
The necrophage is burned by your cloak of flames.
The necrophage is severely damaged.
The gnoll barely misses you.
A gnoll comes into view. It is wielding a +0 spear.
The necrophage hits you but does no damage.
The necrophage is burned by your cloak of flames.
The necrophage is severely damaged.
The gnoll hits you but does no damage.
The gnoll is burned by your cloak of flames.
The gnoll is moderately wounded.
The gnoll barely misses you.
You completely miss the necrophage.
The necrophage is severely damaged.
You hit the gnoll.
The necrophage hits you but does no damage.
The necrophage is burned by your cloak of flames.
The necrophage is almost destroyed.
The gnoll hits you but does no damage. x2
The gnoll is burned by your cloak of flames.
The gnoll is severely wounded.
The gnoll hits you from afar with a +0 spear.
You die...

#....#
.......
##...#
..J...
#.... ....
. #.....
... .
#...###
#.. . ##_#
#K# .#
##..###
#O###.#
#.#ng.#
#####)#...
#.@#..#
#.....#.##
##gg#g#
#.###....#
##g.##
#.#..<#..#
#..#
#.#####..#
#.#
#.#......#
.#
#.#.####.#
# ..#.#
#.# ###.#
#.#
#.####.#


You could see a necrophage and 4 gnolls.

Vanquished Creatures
  An ice beast (D:4)
  2 ogres (D:4)
  A howler monkey (D:4)
  Natasha (thrice) (D:3)
  6 adders
  A worm (D:2)
  2 dart slugs
  7 orcs
  A ball python (D:1)
  6 endoplasms
  4 giant cockroaches
  6 goblins
  8 hobgoblins
  6 jackals
  8 kobolds
  A quokka (D:4)
  4 bats
  5 frilled lizards
  4 rats
76 creatures vanquished.

Notes
Turn   | Place    | Note
-------+----------+-------------------------------------------
     0 | D:1      | qw the Demonspawn Cinder Acolyte began the quest for the
                  | Orb.
     0 | D:1      | Reached XP level 1. HP: 18/18 MP: 2/2
     0 | D:1      | 0 ||| qw: Version: 0.1-a-113-g051387a
     0 | D:1      | 0 ||| qw: Game counter: 6901
     0 | D:1      | 0 ||| qw: Always use a shield: true
     0 | D:1      | 0 ||| qw: God list: Okawaru
     0 | D:1      | 0 ||| qw: Allow faded altars: false
     0 | D:1      | 0 ||| qw: Do Orc after D:15 true
     0 | D:1      | 0 ||| qw: Do second Lair branch before Depths: true
     0 | D:1      | 0 ||| qw: Lair rune preference: random
     0 | D:1      | 0 ||| qw: Plans: Normal
     0 | D:1      | 0 ||| PLANNING D:1-11
    56 | D:1      | Reached skill level 3 in Axes
   142 | D:1      | Found a faded altar of an unknown god.
   145 | D:1      | 145 ||| Stepping ~*~*~tactically~*~*~ (water).
   216 | D:1      | 216 ||| Stepping ~*~*~tactically~*~*~ (stealth).
   222 | D:1      | 222 ||| INVOKING Fiery Armour.
   224 | D:1      | Gained mutation: You have a pair of small antennae on your
                  | head. [demonic ancestry]
   224 | D:1      | Reached XP level 2. HP: 9/24 MP: 3/3
   681 | D:1      | 681 ||| Stepping ~*~*~tactically~*~*~ (stealth).
   682 | D:1      | 682 ||| Stepping ~*~*~tactically~*~*~ (stealth).
   683 | D:1      | 683 ||| Stepping ~*~*~tactically~*~*~ (stealth).
   848 | D:1      | Gained mutation: You have a pair of antennae on your head.
                  | [demonic ancestry]
   848 | D:1      | Reached XP level 3. HP: 26/29 MP: 4/4
  1171 | D:1      | 1171 ||| UPGRADING to +0 leather armour.
  1181 | D:1      | 1181 ||| DROPPING +0 robe.
  1182 | D:1      | 1182 ||| UPGRADING to +1 pair of gloves.
  1187 | D:1      | 1187 ||| READING scroll labelled DILEVE MURAUWU.
  1188 | D:1      | 1188 ||| READING scroll labelled DOMENO PETOCW.
  1192 | D:1      | 1192 ||| READING scroll labelled RUT TOLERHEKHI.
  1225 | D:2      | Reached skill level 4 in Axes
  1307 | D:2      | Reached skill level 1 in Dodging
  1461 | D:2      | Found a shimmering altar of Xom.
  1572 | D:2      | 1572 ||| INVOKING Fiery Armour.
  1751 | D:2      | 1751 ||| Stepping ~*~*~tactically~*~*~ (hiding).
  2033 | D:2      | 2033 ||| UPGRADING to +0 scale mail.
  2043 | D:2      | 2043 ||| DROPPING +0 leather armour.
  2044 | D:2      | 2044 ||| READING scroll labelled OPENKEA JEMM.
  2045 | D:2      | 2045 ||| DRINKING 2 bubbling blue potions.
  2046 | D:2      | 2046 ||| Stepping randomly (stuck).
  2047 | D:2      | 2047 ||| Stepping ~*~*~tactically~*~*~ (cloud).
  2053 | D:2      | HP: 7/29 [poisoned by you (poison gas)]
  2357 | D:3      | Reached XP level 4. HP: 35/35 MP: 5/5
  2366 | D:3      | Noticed Natasha
  2373 | D:3      | 2373 ||| INVOKING Fiery Armour.
  2376 | D:3      | Killed Natasha
  2377 | D:3      | Reached skill level 1 in Armour
  2488 | D:3      | 2488 ||| Stepping ~*~*~tactically~*~*~ (stealth).
  2489 | D:3      | 2489 ||| Stepping ~*~*~tactically~*~*~ (stealth).
  2492 | D:3      | 2492 ||| Stepping ~*~*~tactically~*~*~ (stealth).
  2493 | D:3      | 2493 ||| Stepping ~*~*~tactically~*~*~ (stealth).
  2666 | D:3      | Noticed Natasha
  2667 | D:3      | 2667 ||| Stepping ~*~*~tactically~*~*~ (stealth).
  2684 | D:3      | 2684 ||| INVOKING Fiery Armour.
  2685 | D:3      | Killed Natasha
  3128 | D:3      | 3128 ||| Stepping ~*~*~tactically~*~*~ (stealth).
  3128 | D:3      | Noticed Natasha
  3129 | D:3      | 3129 ||| Stepping ~*~*~tactically~*~*~ (hiding).
  3139 | D:3      | Killed Natasha
  3140 | D:3      | Reached XP level 5. HP: 30/41 MP: 6/6
  3683 | D:3      | 3683 ||| UPGRADING to +0 plate armour.
  3693 | D:3      | 3693 ||| DROPPING +0 scale mail.
  3694 | D:3      | 3694 ||| DROPPING ring of flight.
  3695 | D:3      | 3695 ||| DRINKING 2 dark potions.
  3696 | D:3      | 3696 ||| READING 5 scrolls of identify.
  3696 | D:3      | 3696 ||| IDENTIFYING grey potion
  3697 | D:3      | 3697 ||| READING 4 scrolls of identify.
  3697 | D:3      | 3697 ||| IDENTIFYING fuming blue potion
  3698 | D:3      | 3698 ||| DROPPING potion of flight.
  3699 | D:3      | 3699 ||| DROPPING potion of lignification.
  3753 | D:4      | Noticed an ogre
  3761 | D:4      | Killed an ogre
  3767 | D:4      | Reached skill level 5 in Axes
  3939 | D:4      | 3939 ||| Stepping ~*~*~tactically~*~*~ (stealth).
  3953 | D:4      | Reached XP level 6. HP: 47/47 MP: 7/7
  3964 | D:4      | HP: 7/47 [ogre/+0 giant spiked club (24)]
  3965 | D:4      | 3965 ||| READING 3 scrolls of teleportation.
  3966 | D:4      | 3966 ||| DRINKING 2 potions of heal wounds.
  4048 | D:4      | 4048 ||| Stepping ~*~*~tactically~*~*~ (stealth).
  4057 | D:4      | 4057 ||| Stepping ~*~*~tactically~*~*~ (stealth).
  4058 | D:4      | 4058 ||| Stepping ~*~*~tactically~*~*~ (stealth).
  4147 | D:4      | 4147 ||| INVOKING Fiery Armour.
  4148 | D:4      | HP: 4/47 [ogre/+0 giant spiked club (12)]
  4149 | D:4      | 4149 ||| READING 2 scrolls of teleportation.
  4150 | D:4      | 4150 ||| DRINKING potion of heal wounds.
  4435 | D:4      | HP: 11/47 [poisoned by a goblin]
  4718 | D:4      | 4718 ||| Stepping ~*~*~tactically~*~*~ (stealth).
  4819 | D:4      | 4819 ||| SWAPPING to +0 war axe.
  4835 | D:4      | Noticed an ice beast
  4841 | D:4      | 4841 ||| INVOKING Fiery Armour.
  4845 | D:4      | Killed an ice beast
  4846 | D:4      | Reached skill level 6 in Axes
  4990 | D:4      | 4990 ||| INVOKING Fiery Armour.
  4991 | D:4      | HP: 10/47 [ogre/+0 giant spiked club (11)]
  4992 | D:4      | 4992 ||| READING 2 scrolls of teleportation.
  4994 | D:4      | Found an ancient bone altar of Kikubaaqudgha.
  4995 | D:4      | 4995 ||| Stepping ~*~*~tactically~*~*~ (stealth).
  4996 | D:4      | 4996 ||| READING scroll of teleportation.
  4997 | D:4      | HP: 1/48 [necrophage (6)]
  4998 | D:4      | Slain by a gnoll

Levels and vault maps discovered:
D:1:      sevenhm_arrival_forest_fort_small_5, layout_rooms,
          nicolae_ecumenical_lake_church
D:2:      layout_rooms, basic_altar
D:3:      layout_basic, minmay_ruptured, uniq_natasha
D:4:      layout_basic, marbit_many_paths, corexii_item_surrounded_by_moat

Skill      XL: |  1  2  3  4  5  6 |
---------------+-------------------+-----
Axes           | 3 4 5 6 |  6.0
Dodging        | 1 |  1.0
Armour         | 1 2 |  2.7
Fighting       | |  3.8
Spellcasting   | |  1.0
Fire Magic     | |  2.6

Action                   |  1- 3 |  4- 6 || total
-------------------------+-------+-------++-------
Melee: Hand axe          |   142 |   151 ||   293
       Punch             |       |     5 ||     5
       War axe           |       |    14 ||    14
Invok: Fiery Armour      |     2 |     5 ||     7
  Use: Scroll            |     4 |     6 ||    10
       Potion            |     1 |     3 ||     4
Armor: Robe              |    24 |       ||    24
       Leather armour    |    10 |       ||    10
       Scale mail        |       |    26 ||    26
       Plate armour      |       |    72 ||    72
Dodge: Dodged            |   114 |    55 ||   169

Table legend:
 A = Non-vault XP
 B = Vault XP
 C = Vault XP percentage of total XP
 D = Non-vault monster count
 E = Vault monster count
 F = Vault count percentage of total count
                 A         B        C        D         E       F
            +---------+---------+-------+---------+---------+-------
      Total |     680 |      39 |   5.4 |      73 |       3 |   3.9
            +---------+---------+-------+---------+---------+-------
        D:1 |      49 |       0 |   0.0 |      31 |       0 |   0.0
        D:2 |      47 |       0 |   0.0 |      11 |       0 |   0.0
        D:3 |      92 |      39 |  29.8 |      12 |       3 |  20.0
        D:4 |     492 |       0 |   0.0 |      19 |       0 |   0.0
            +---------+---------+-------+---------+---------+-------
